 Dungeon Crawl Stone Soup version 0.31-a0-1338-gb567cfdca4 (webtiles) character file.

Game seed: 5948991472066823763

23 Rennog the Ducker (level 3, 21/25 HPs)
             Began as a Gnoll Wanderer on Dec 21, 2023.
             Was a Follower of Elyvilon.
             Quit the game on level 1 of the Dungeon.
             The game lasted 00:02:08 (856 turns).

Rennog the Ducker (Gnoll Wanderer)                   Turns: 856, Time: 00:02:08

Health: 21/25      AC:  3    Str: 13    XL:     3   Next: 0%
Magic:  2/7        EV: 13    Int: 12    God:    Elyvilon [*.....]
Gold:   30         SH:  0    Dex: 10    Spells: 6/7 levels left

rFire   . . .        a - +0 club
rCold   . . .        (no shield)
rNeg    . . .        c - +0 robe
rPois   .            (no helmet)
rElec   .            d - +0 cloak
rCorr   .            (no gloves)
SInv    .            (no boots)
Will    .....        (no amulet)
Stlth   +            (no ring)
HPRegen 0.24/turn    (no ring)
MPRegen 0.10/turn

%: no passive effects
@: no status effects
A: fangs 1, strong nose, distributed training
a: Renounce Religion, Purification


You were on level 1 of the Dungeon.
You worshipped Elyvilon.
Elyvilon was aware of your devotion.
You visited 1 branch of the dungeon, and saw 1 of its levels.

You collected 30 gold pieces.

Inventory:

Hand Weapons
 a - a +0 club (weapon)
Armour
 c - a +0 robe (worn)
 d - a +0 cloak (worn)
Scrolls
 b - a scroll of fear
 e - a scroll of teleportation {unknown}
Potions
 f - a potion of brilliance {unknown}
 g - a potion of attraction {unknown}


   Skills:
 + Level 0.6 Fighting
 + Level 0.6 Short Blades
 + Level 0.6 Long Blades
 + Level 0.6 Axes
 + Level 0.6 Maces & Flails
 + Level 0.6 Polearms
 + Level 0.6 Staves
 + Level 0.6 Ranged Weapons
 + Level 0.6 Throwing
 + Level 0.6 Armour
 + Level 6.5 Dodging
 + Level 0.6 Stealth
 + Level 0.6 Shields
 + Level 0.6 Unarmed Combat
 + Level 2.8 Spellcasting
 + Level 0.4 Conjurations
 + Level 5.4 Hexes
 + Level 0.4 Summonings
 + Level 0.4 Necromancy
 + Level 0.4 Translocations
 + Level 0.4 Fire Magic
 + Level 5.4 Ice Magic
 + Level 0.4 Air Magic
 + Level 0.4 Earth Magic
 + Level 0.4 Alchemy
 + Level 0.8 Invocations
 + Level 0.6 Evocations
 + Level 0.5 Shapeshifting


You had 6 spell levels left.
You knew the following spells:

 Your Spells              Type           Power      Damage    Failure   Level
a - Freeze                Ice            56%        1d7       2%          1

Your spell library contained the following spells:

 Spells                   Type           Power      Damage    Failure   Level
 Slow                     Hex            56%        N/A       2%          1
 Confusing Touch          Hex            14%        N/A       9%          3
 Ozocubu's Armour         Ice            14%        N/A       9%          3
 Hailstorm                Conj/Ice       8%         3d5       22%         3


Dungeon Overview and Level Annotations

Branches:
Dungeon (1/15)

Altars:
Elyvilon


Innate Abilities, Weirdness & Mutations

You have very sharp teeth.
Your uncanny sense of smell can sniff out nearby items.
Your experience applies equally to all skills.


Message History

g - a sedimented ruby potion
Found a stone staircase leading down.
You now have 30 gold pieces (gained 2).
A frilled lizard and an endoplasm come into view.
There are monsters nearby!
The frilled lizard hisses angrily.
The endoplasm quivers.
The endoplasm freezes you.
You are frozen.
Casting: Freeze (safe; 2% risk of failure)
Confirm with . or Enter, or press ? or * to list all spells.
Aiming: Freeze (safe; 2% risk of failure)
Press: ? - help, Shift-Dir - straight line, f - endoplasm
Aim: an endoplasm You freeze the endoplasm.
The endoplasm is severely wounded.
The endoplasm barely misses you.
Casting: Freeze (safe; 2% risk of failure)
Confirm with . or Enter, or press ? or * to list all spells.
Aiming: Freeze (safe; 2% risk of failure)
Press: ? - help, Shift-Dir - straight line, f/p - endoplasm
Aim: an endoplasm (severely wounded)
You freeze the endoplasm!
You kill the endoplasm!
Unknown command.
Casting: Freeze (safe; 2% risk of failure)
Confirm with . or Enter, or press ? or * to list all spells.
You can't see any susceptible monsters within range! (Use Z to cast anyway.)
Casting: Freeze (safe; 2% risk of failure)
Confirm with . or Enter, or press ? or * to list all spells.
Aiming: Freeze (safe; 2% risk of failure)
Press: ? - help, Shift-Dir - straight line, f - frilled lizard
Aim: a frilled lizard You freeze the frilled lizard.
You kill the frilled lizard!
You have reached level 3!
Your experience leads to an increase in your attributes!
Increase (S)trength, (I)ntelligence, or (D)exterity?
You feel stronger. x2
Are you sure you want to abandon this character and quit the game? (Confirm with "yes".)

#.## #.....##....
#..# #.....##....
##.# #.....##....
####.####.....##....
#.......#.....#
#.##.##.#######
#.##.# # ###....# ∆
#....@.# #.#..#†# #
#...... ##.......
###.##### ..# ##


There were no monsters in sight!

Vanquished Creatures
  4 endoplasms (D:1)
  2 goblins (D:1)
  A quokka (D:1)
  2 ball pythons (D:1)
  5 bats (D:1)
  A frilled lizard (D:1)
  4 kobolds (D:1)
  A rat (D:1)
20 creatures vanquished.

Notes
Turn   | Place    | Note
-------+----------+-------------------------------------------
     0 | D:1      | Rennog the Gnoll Wanderer began the quest for the Orb.
     0 | D:1      | Rennog set off with the following items: a +0 club, a
                  | scroll of fear, a +0 robe, a +0 cloak; and the following
                  | spells available to memorise: Freeze, Slow, Confusing
                  | Touch, Ozocubu's Armour, Hailstorm.
     0 | D:1      | Reached XP level 1. HP: 13/13 MP: 4/4
    63 | D:1      | Learned a level 1 spell: Freeze
   314 | D:1      | Found a faded altar of an unknown god.
   317 | D:1      | Reached XP level 2. HP: 19/19 MP: 3/5
   323 | D:1      | Prayed at the altar of an unknown god.
   323 | D:1      | Became a worshipper of Elyvilon the Healer
   323 | D:1      | Reached * piety under Elyvilon
   856 | D:1      | Reached XP level 3. HP: 21/25 MP: 2/7
   856 | D:1      | Quit the game

Illustrated notes

Levels and vault maps discovered:
D:1:      dpeg_arrival_castle, layout_loops_cross,
          ebering_ecumenical_altar_mist, amethyst_killhole

Action                     || total
---------------------------++-------
  Melee: Club              ||    19
   Cast: Freeze            ||    26
 Armour: Robe              ||    27
  Dodge: Dodged            ||    43

Table legend: (Time is in decaauts)
 A = Elapsed time spent in this place.
 B = Non-inter-level travel time spent in this place.
 C = Inter-level travel time spent in this place.
 D = Time resting spent in this place.
 E = Time spent auto-exploring this place.
 F = Levels seen in this place.
 G = Mean time per level.
                   A        B        C        D        E       F      G
               +--------+--------+--------+--------+--------+-----+--------+
         Total |    864 |    855 |      9 |      0 |    696 |   1 |  864.0 |
       Dungeon |    864 |    855 |      9 |      0 |    696 |   1 |  864.0 |
               +--------+--------+--------+--------+--------+-----+--------+

Top non-repeatable levels by time:
     D:1: 864 daAuts
